 Dungeon Crawl Stone Soup version 0.30-a0-4-ga7cffc901d (webtiles) character file.

Game seed: 8703460076551855706

9774 voltaire321 the Thaumaturge (level 11, -7/86 HPs)
             Began as a Mummy Necromancer on Aug 21, 2022.
             Was a Follower of Kikubaaqudgha.
             Mangled by a four-headed hydra (10 damage)
             ... on level 12 of the Dungeon.
             The game lasted 00:41:06 (13777 turns).

voltaire321 the Thaumaturge (Mummy Necromancer)    Turns: 13777, Time: 00:41:06

Health: -7/86      AC:  6    Str: 12    XL:     11   Next: 27%
Magic:  34/34      EV: 15    Int: 19    God:    Kikubaaqudgha [*.....]
Gold:   578        SH:  0    Dex: 15    Spells: 6/30 levels left

rFire   + . .      SeeInvis .    n - +10 quarterstaff of War {venom, rElec MP+9 Dex+3}
rCold   + + .      Faith    .    (shield currently unavailable)
rNeg    + + +      Spirit   .    q - +2 robe {rC+ rF+}
rPois   ∞          Reflect  .    (no helmet)
rElec   +          Harm     .    i - +1 cloak
rCorr   .          Rampage  .    (no gloves)
Will    +....                    (no boots)
Stlth   ++........               j - amulet of the acrobat
HPRegen 0.24/turn                e - ring of protection from fire
MPRegen 0.24/turn                u - ring of wizardry

@: no status effects
A: cold resistance 1, negative energy resistance 3, torment resistance 2, heat
vulnerability 1, in touch with death 1, no potions
a: Renounce Religion, Unearth Wretches


You were on level 12 of the Dungeon.
You worshipped Kikubaaqudgha.
Kikubaaqudgha was aware of your devotion.
You visited 2 branches of the dungeon, and saw 13 of its levels.
You also visited: Sewer.

You collected 578 gold pieces.

Inventory:

Hand Weapons
 n - the +10 quarterstaff of War (weapon) {venom, rElec MP+9 Dex+3}
   (You found it on level 4 of the Dungeon)

   It poisons the flesh of those it strikes.
   Dex:       It affects your dexterity (+3).
   rElec:     It insulates you from electricity.
   MP:        It affects your magic capacity (+9).
Armour
 i - a +1 cloak (worn)
 q - a +2 robe of resistance (worn)
Magical Staves
 b - a staff of death
Jewellery
 e - a ring of protection from fire (left hand)
 j - an amulet of the acrobat (around neck)
 u - a ring of wizardry (right hand)
Wands
 a - a wand of iceblast (4)
 r - a wand of acid (24)
Scrolls
 c - 4 scrolls of blinking
 d - 2 scrolls of magic mapping
 f - 2 scrolls of identify
 g - 5 scrolls of teleportation
 k - 3 scrolls of enchant armour
 l - 3 scrolls of poison
 m - 2 scrolls of fear
 o - 2 scrolls of enchant weapon
 p - 6 scrolls of amnesia
 s - a scroll of torment


   Skills:
 + Level 8.0 Fighting
 + Level 6.1 Staves
 + Level 7.0 Dodging
 - Level 1.5 Stealth
 + Level 10.1 Spellcasting
 + Level 9.1 Necromancy


You had 6 spell levels left.
You knew the following spells:

 Your Spells              Type           Power      Damage    Failure   Level
a - Necrotise             Necr           100%       1d9       1%          1
b - Vampiric Draining     Necr           61%        2d10      1%          3
c - Animate Dead          Necr           61%        N/A       1%          4
d - Agony                 Necr           61%        N/A       1%          5
e - Anguish               Hex/Necr       20%        N/A       4%          4
f - Haunt                 Necr/Summ      20%        N/A       97%         7

Your spell library contained the following spells:

 Spells                   Type           Power      Damage    Failure   Level
 Ensorcelled Hibernation  Hex/Ice        18%        N/A       4%          2
 Passwall                 Tmut/Erth      7%         N/A       4%          2
 Swiftness                Air            9%         N/A       9%          3
 Petrify                  Tmut/Erth      9%         N/A       28%         4
 Fireball                 Conj/Fire      4%         3d4       58%         5
 Irradiate                Conj/Tmut      4%         3d13      58%         5
 Iskenderun's Battlesphe  Conj           9%         2d6       58%         5
 Conjure Ball Lightning   Conj/Air       4%         3x3d6     98%         6
 Infestation              Necr           30%        N/A       98%         8
 Orb of Destruction       Conj           4%         9d5       100%        7
 Sublimation of Blood     Necr           Unusable   N/A       N/A         2

Dungeon Overview and Level Annotations

Branches:
Dungeon (12/15)            Temple (1/1) D:5            Lair (0/5) D:11
    Orc (0/2) D:9           Sewer (visited)

Altars:
Dithmenos
Fedhas
Kikubaaqudgha
Makhleb
Okawaru
Qazlal
Trog
Uskayaw
Vehumet
Wu Jian
Xom

Shops:
D:5 !   D:8 [   D:10 =


Innate Abilities, Weirdness & Mutations

You are immune to poison.
Your flesh is cold resistant. (rC+)
You are immune to negative energy. (rN+++)
You are immune to unholy pain and torment.
You are vulnerable to heat. (rF-)
You are in touch with the powers of death.
You do not drink.


Message History

Found 13 gold pieces.
You now have 578 gold pieces (gained 13).
A four-headed hydra comes into view.
Found 4 stones, a glowing barding and a book of Hexes.
Found a stone staircase leading up.
The four-headed hydra roars!
There is a stone staircase leading up here.
The four-headed hydra attacks as you move away!
The four-headed hydra bites you!
The four-headed hydra completely misses you.
The four-headed hydra bites you but does no damage.
The four-headed hydra bites you!
The four-headed hydra attacks as you move away!
The four-headed hydra completely misses you. x2
The four-headed hydra closely misses you.
The four-headed hydra completely misses you.
You hear the deafening beating of a very distant drum.
Your cyclops zombie hits the four-headed hydra!!
You hit the four-headed hydra.
The four-headed hydra is heavily wounded.
The four-headed hydra bites you. The four-headed hydra bites you! x2
* * * LOW HITPOINT WARNING * * *
The four-headed hydra barely misses you.
You barely miss the four-headed hydra.
The four-headed hydra is heavily wounded.
The four-headed hydra closely misses you.
The four-headed hydra bites you.
* * * LOW HITPOINT WARNING * * *
The four-headed hydra bites you.
* * * LOW HITPOINT WARNING * * *
The four-headed hydra misses you.
Your cyclops zombie hits the four-headed hydra!!
You bludgeon the four-headed hydra!!
The four-headed hydra is almost dead.
The four-headed hydra closely misses you.
The four-headed hydra bites you!
* * * LOW HITPOINT WARNING * * *
The four-headed hydra bites you!
You die...
Kikubaaqudgha rasps: "You have failed me!
Welcome... oblivion!"

...................
####.^.########### #...#
#...# #...# #####...#
........################
.......DZ...............
#######@################
#.# #.# #.# #.# #####
#.. ..... ... ..... ###
#####


You could see a four-headed hydra (ally target) and a friendly cyclops zombie.

Vanquished Creatures
  A two-headed ogre (D:9)
  A manticore (D:10)
  2 cyclopes
  2 kobold demonologists (D:9)
  A komodo dragon (D:10)
  2 trolls
  Grinder (D:5)
  A dream sheep (D:7)
  6 yaks
  3 wyverns
  Sigmund (D:4)
  Menkaure (D:5)
  2 wargs (D:9)
  Duvessa (D:5)
  2 black bears
  4 orc warriors
  An ice beast (D:6)
  A sky beast (D:6)
  2 ogres (D:6)
  2 centaurs
  Blork the orc (D:4)
  3 kobold brigands
  A bullfrog (D:4)
  5 scorpions
  8 wights
  Dowan (D:5)
  3 killer bees
  2 howler monkeys
  2 hounds (D:5)
  4 jellies
  An iguana (D:4)
  Natasha (thrice) (D:3)
  4 orc wizards
  Robin (D:4)
  6 river rats (Sewer)
  14 adders
  2 shadow imps
  3 ufetubi
  4 worms (Sewer)
  4 dart slugs
  23 orcs
  10 ball pythons
  5 endoplasms
  4 giant cockroaches
  7 goblins
  12 hobgoblins
  11 jackals
  7 quokkas
  11 bats
  7 frilled lizards
  20 kobolds
  7 rats
233 creatures vanquished.

Vanquished Creatures (collateral kills)
  Maurice (D:8)
  Maggie (D:8)
  Prince Ribbit (D:8)
  A wraith (D:10)
  2 yaks (D:9)
  A black bear (D:8)
  An orc warrior (D:9)
  An ogre (D:6)
  2 adders (D:3)
  An orc (D:11)
  5 goblins
  2 jackals (D:3)
  4 kobolds
  A rat (D:4)
24 creatures vanquished.

Vanquished Creatures (others)
  4 dream sheep (D:7)
  A yak (D:8)
  A centaur (D:8)
  A wyvern zombie (D:9)
  A warg zombie (D:9)
  6 yak zombies
  A black bear zombie (D:8)
  A human zombie (D:8)
  6 kobold zombies (D:10)
  A jelly zombie (D:7)
  12 orc zombies
  3 fungi (D:12)
  2 plants (D:12)
40 creatures vanquished.

Grand Total: 297 creatures vanquished

Notes
Turn   | Place    | Note
-------+----------+-------------------------------------------
     0 | D:1      | voltaire321 the Mummy Necromancer began the quest for the
                  | Orb.
     0 | D:1      | Reached XP level 1. HP: 13/13 MP: 4/4
     5 | D:1      | Noticed a vine stalker
    11 | D:1      | Noticed an ogre
    13 | D:1      | Noticed a troll
    15 | D:1      | Noticed a tengu
    15 | D:1      | Noticed a barachi
    17 | D:1      | Noticed a tengu
    19 | D:1      | Noticed an elf
   392 | D:1      | Reached XP level 2. HP: 20/20 MP: 2/5
   556 | D:1      | Reached skill level 3 in Spellcasting
   873 | D:2      | Reached skill level 1 in Fighting
  1101 | D:2      | Gained mutation: You are in touch with the powers of death.
                  | [Mummy growth]
  1101 | D:2      | Reached XP level 3. HP: 26/26 MP: 4/7
  1503 | D:2      | Learned a level 3 spell: Vampiric Draining
  2093 | D:3      | Noticed Natasha
  2097 | D:3      | Killed Natasha
  2098 | D:3      | Reached XP level 4. HP: 33/33 MP: 3/9
  2224 | D:3      | Noticed Natasha
  2233 | D:3      | Killed Natasha
  2316 | D:3      | Learned a level 4 spell: Animate Dead
  2651 | D:3      | Noticed Natasha
  2658 | D:3      | Killed Natasha
  2659 | D:3      | Reached skill level 4 in Spellcasting
  2659 | D:3      | Reached XP level 5. HP: 32/38 MP: 2/11
  3047 | D:4      | Noticed Sigmund
  3052 | D:4      | Killed Sigmund
  3053 | D:4      | Reached skill level 5 in Necromancy
  3053 | D:4      | Reached XP level 6. HP: 46/46 MP: 6/12
  3057 | D:4      | Identified the +10 quarterstaff of War {venom, rElec MP+9
                  | Dex+3}
  3182 | D:4      | Found a glowing drain.
  3198 | Sewer    | Entered a sewer
  3971 | Sewer    | Reached skill level 5 in Spellcasting
  4359 | D:4      | Noticed Robin
  4389 | D:4      | Killed Robin
  4395 | D:4      | Reached XP level 7. HP: 48/52 MP: 9/14
  4397 | D:4      | Reached skill level 1 in Staves
  4702 | D:4      | Noticed Blork the orc
  4709 | D:4      | Killed Blork the orc
  4733 | D:4      | Learned a level 5 spell: Agony
  4870 | D:4      | Found an ornate altar of the Wu Jian Council.
  5004 | D:5      | Entered Level 5 of the Dungeon
  5036 | D:5      | Noticed Dowan
  5037 | D:5      | Noticed Duvessa
  5049 | D:5      | Killed Duvessa
  5051 | D:5      | Killed Dowan
  5256 | D:5      | Reached XP level 8. HP: 54/60 MP: 16/16
  5313 | D:5      | Noticed Menkaure
  5324 | D:5      | Killed Menkaure
  5325 | D:5      | Reached skill level 6 in Spellcasting
  5558 | D:5      | Found a staircase to the Ecumenical Temple.
  5567 | Temple   | Entered the Ecumenical Temple
  5624 | Temple   | Became a worshipper of Kikubaaqudgha
  5672 | D:5      | Found a burning altar of Makhleb.
  5700 | D:5      | Found Gydomaw's Distillery.
  5807 | D:5      | Noticed Grinder
  5820 | D:5      | Killed Grinder
  6322 | D:6      | Reached skill level 5 in Fighting
  6343 | D:6      | Reached skill level 7 in Spellcasting
  6394 | D:6      | Reached XP level 9. HP: 41/68 MP: 19/19
  6854 | D:6      | Reached skill level 5 in Dodging
  7428 | D:7      | Found a shimmering altar of Xom.
  7780 | D:7      | Reached * piety under Kikubaaqudgha
  7780 | D:7      | Received a gift from Kikubaaqudgha
  8009 | D:7      | Learned a level 4 spell: Anguish
  8186 | D:8      | Noticed Maurice
  8366 | D:8      | Noticed Prince Ribbit
  8381 | D:8      | Killed Prince Ribbit
  8382 | D:8      | Reached skill level 8 in Spellcasting
  8519 | D:8      | Noticed a troll
  8526 | D:8      | Noticed Maggie
  8539 | D:8      | HP: 3/69 [troll (15)]
  8974 | D:8      | Killed Maurice
  9152 | D:8      | Your ally Maurice died
  9365 | D:7      | Learned a level 7 spell: Haunt
  9409 | D:8      | Killed a troll
  9410 | D:8      | Reached XP level 10. HP: 22/77 MP: 22/22
  9423 | D:8      | Killed Maggie
 10063 | D:8      | Found Cero's Armour Shop.
 10147 | D:9      | Reached skill level 5 in Staves
 10561 | D:9      | Noticed an orange demon
 10567 | D:9      | Reached skill level 9 in Spellcasting
 10834 | D:9      | Found a staircase to the Orcish Mines.
 11179 | D:9      | Noticed a two-headed ogre
 11190 | D:9      | Killed a two-headed ogre
 11539 | D:9      | Identified the +8 dagger of the Warrior-Mage {spect, rElec
                  | MP-9 Int-4 Stlth+}
 11777 | D:10     | Entered Level 10 of the Dungeon
 11807 | D:10     | Found Mewoj's Jewellery Shoppe.
 12039 | D:10     | Reached XP level 11. HP: 85/85 MP: 24/24
 13222 | D:10     | Found a hide-covered altar of Uskayaw.
 13252 | D:10     | Found a stormy altar of Qazlal.
 13413 | D:11     | Found a staircase to the Lair.
 13444 | D:11     | Reached skill level 10 in Spellcasting
 13463 | D:11     | You fall into a shaft and drop 1 floor!
 13756 | D:12     | Noticed a four-headed hydra
 13777 | D:12     | HP: 3/86 [four-headed hydra (11)]
 13777 | D:12     | Mangled by a four-headed hydra

Illustrated notes

Levels and vault maps discovered:
D:1:      shiori_arrival_whats_in_store_for_you, layout_basic,
          minmay_statues_item
D:2:      layout_basic, interstate_on_off, hex_large, nicolae_underground_beach
D:3:      layout_basic, uniq_natasha
D:4:      layout_loops_cross, mainiacjoe_overflow_brackets,
          cheibrodos_sewer_entry_drain, uniq_sigmund, uniq_robin,
          uniq_blork_the_orc
D:5:      layout_loops_ring, mainiacjoe_overflow_cross_hatched,
          minmay_temple_entry_butterflies, serial_shops, shop, uniq_duvessa,
          uniq_menkaure, uniq_grinder
D:6:      layout_rooms, minmay_misc_feat_more_columns,
          chequers_serial_rivers_large_b, nicolae_titane
D:7:      layout_basic, kb_xom_exploding_sheep
D:8:      layout_basic, serial_shops, nicolae_shop_advertising_works
          [nicolae_subvault_shop_adworks], uniq_maurice, uniq_prince_ribbit1,
          uniq_maggie
D:9:      layout_loops_cross, david_orc_1_choice
D:10:     layout_long_grid, mainiacjoe_overflow_two_lobes, serial_shops,
          nicolae_shop_statue_plus
D:11:     kennysheep_windowed_halls, layout_cave_pools
D:12:     layout_long_grid, nicolae_trove_entry_columns, gauntlet_entry_generic,
          nicolae_concentric_dashed_squares_wild,
          nicolae_ru_the_path_less_chosen, uniq_jorgrun
Temple:   minmay_crystal_spiral_temple

Skill      XL: |  1  2  3  4  5  6  7  8  9 10 11 |
---------------+----------------------------------+-----
Spellcasting   | 3 4 5 7 8 9 10 | 10.1
Fighting       | 1 2 3 4 5 6 7 8 |  8.0
Dodging        | 2 3 4 5 6 7 |  7.0
Necromancy     | 5 6 7 8 9 |  9.1
Staves         | 2 3 4 5 6 |  6.1
Stealth        | |  1.5

Action                   |  1- 3 |  4- 6 |  7- 9 | 10-12 || total
-------------------------+-------+-------+-------+-------++-------
Melee: Dagger            |    13 |    14 |       |       ||    27
       Quarterstaff      |       |    26 |   180 |   146 ||   352
 Cast: Necrotise         |    60 |   124 |    73 |    25 ||   282
       Animate Dead      |       |       |    10 |     7 ||    17
       Vampiric Draining |       |       |       |     8 ||     8
       Anguish           |       |       |       |     1 ||     1
Invok: Unearth Wretches  |       |       |     2 |       ||     2
  Use: Scroll            |       |       |     7 |     6 ||    13
 Stab: Distracted        |       |       |     3 |     2 ||     5
       Paralysed         |       |       |     2 |       ||     2
       Sleeping          |       |       |       |     1 ||     1
Armor: Robe              |     6 |    17 |    49 |    27 ||    99
Dodge: Dodged            |    19 |    97 |   180 |   155 ||   451

Table legend: (Time is in decaauts)
 A = Elapsed time spent in this place.
 B = Non-inter-level travel time spent in this place.
 C = Inter-level travel time spent in this place.
 D = Time resting spent in this place.
 E = Time spent auto-exploring this place.
 F = Levels seen in this place.
 G = Mean time per level.
                   A        B        C        D        E       F      G
               +--------+--------+--------+--------+--------+-----+--------+
         Total |  14007 |  13503 |    504 |   4518 |   6475 |  14 | 1000.5 |
       Dungeon |  12701 |  12234 |    467 |   4232 |   5742 |  12 | 1058.4 |
        Temple |     96 |     59 |     37 |      0 |     46 |   1 |   96.0 |
         Sewer |   1209 |   1209 |      0 |    286 |    687 |   1 | 1209.0 |
               +--------+--------+--------+--------+--------+-----+--------+

Top non-repeatable levels by time:
     D:7: 1746 daAuts
    D:10: 1591 daAuts
     D:9: 1505 daAuts
     D:8: 1363 daAuts
     D:2: 1238 daAuts
     D:5: 1210 daAuts
   Sewer: 1209 daAuts
     D:4: 954 daAuts
     D:3: 909 daAuts
     D:6: 904 daAuts
     D:1: 852 daAuts
    D:12: 313 daAuts
    D:11: 112 daAuts
  Temple: 96 daAuts
